Sabres vs Predators (R1)

Created - February 27, 2018 at 19:00

Goals
1 2 3 OT1 SO T
Sabres 1 0 3 0 3 5
Predators 0 2 2 0 2 4
Shots
1 2 3 OT1 SO T
Sabres 12 9 11 3 4 35
Predators 9 10 11 0 4 30

1st period

1. Sabres , Evander Kane 31 (Zach Bogosian 39, Darcy Hordichuk 8) at 17:17

Penalties :
Alexander Edler (Nas) for Roughing (Minor) at 2:23, Evander Kane (Buf) for Hooking (Minor) at 7:37, Evander Kane (Buf) for Roughing (Minor) at 12:19, Alexander Steen (Nas) for Elbowing (Minor) at 18:36

2nd period

2. Predators , Ryan Mcdonagh 5 (Ryan Kesler 24, John Moore 18) at 5:22
3. Predators , Alexander Ovechkin 29 (Ryan Kesler 25, Ryan Mcdonagh 22) at 5:38

Penalties :
Niclas Bergfors (Nas) for High sticking (Minor) at 5:54, Zach Bogosian (Buf) for Boarding (Minor) at 10:47

3rd period

4. Sabres , Ilya Kovalchuk 27 (Jared Cowen 21, Vincent Lecavalier 26) at 2:13 (SH)
5. Predators , Alexander Edler 10 (Niclas Bergfors 35, Mikael Granlund 14) at 2:25 (PP)
6. Predators , Niclas Bergfors 22 (Mikael Granlund 15) at 7:41 (PP)
7. Sabres , Ilya Kovalchuk 28 (Rob Scuderi 20) at 8:31 (PP)
8. Sabres , Vincent Lecavalier 19 (Jordan Leopold 7) at 19:38

Penalties :
Rob Scuderi (Buf) for Tripping (Minor) at 1:35, Ilya Kovalchuk (Buf) for High sticking (Minor) at 7:34, Alexander Ovechkin (Nas) for Holding (Minor) at 7:42

Overtime #1

No Goal

Penalties :
No Penalty

Shootout

Penalty Shot by Ilya Kovalchuk for Sabres - Goal!
Penalty Shot by Alexander Ovechkin for Predators - Stopped by Robin Lehner
Penalty Shot by Vincent Lecavalier for Sabres - Stopped by Viktor Fasth
Penalty Shot by Ryan Kesler for Predators - Goal!
Penalty Shot by Evander Kane for Sabres - Goal!
Penalty Shot by Niclas Bergfors for Predators - Goal!
Penalty Shot by Darcy Hordichuk for Sabres - Goal!
Penalty Shot by Byron Bitz for Predators - Stopped by Robin Lehner

Penalties :
No Penalty

Goalie Stats

Robin Lehner (Buf), 26 saves from 30 shots - (0.867), W, 29-11-3, 64:58 minutes
Viktor Fasth (Nas), 31 saves from 35 shots - (0.886), OTL, 26-17-2, 65:00 minutes

Players Stats for Sabres

Player Name              G  A  P  +/- PIM S  H  SB GA TA FO     MP     PP MP  PK MP  
------------------------------------------------------------------------------------
Andrei Loktionov         0  0  0   0  0   0  2  0  0  0  9/17   15:54   4:11   0:00 
Brad Richardson          0  0  0  -1  0   2  0  0  0  0  0/0     8:04   0:00   0:00 
Brandon Sutter           0  0  0  -1  0   3  2  1  0  0  4/16   12:40   0:00   4:19 
Darcy Hordichuk          0  1  1  -1  0   1  1  0  0  1  0/0    12:24   0:00   4:17 
Evander Kane             1  0  1   0  4   5  3  0  0  1  1/3    20:26   2:35   0:16 
Ilya Kovalchuk           2  0  2   2  2   7  4  1  0  0  0/1    21:50   4:11   2:19 
Jakub Kindl              0  0  0   0  0   0  2  1  0  0  0/0    10:49   0:00   0:00 
Jared Cowen              0  1  1   0  0   1  1  0  0  1  0/0    25:30   2:04   4:09 
Jordan Leopold           0  1  1   0  0   1  2  4  1  1  0/0    11:53   0:00   1:04 
Kyle Okposo              0  0  0   1  0   3  4  1  0  0  3/5    21:48   4:11   0:00 
Matt Martin              0  0  0   0  0   2  1  0  0  0  1/1    10:04   0:00   0:27 
Michael Kostka           0  0  0   0  0   1  0  2  0  3  0/0    25:36   2:04   4:09 
Rob Scuderi              0  1  1   1  2   2  2  2  0  1  0/0    28:06   4:42   2:17 
Ryan O'Reilly            0  0  0   0  0   1  1  0  1  0  12/18  17:47   0:00   0:00 
Scottie Upshall          0  0  0   0  0   0  1  0  1  0  0/0     9:22   0:00   0:00 
Vincent Lecavalier       1  1  2   2  0   3  3  0  0  0  6/9    16:54   2:35   2:10 
Zach Bogosian            0  1  1   1  2   0  1  2  1  2  0/0    28:14   4:42   2:09 
Zack Kassian             0  0  0   0  0   3  1  0  0  0  0/0    15:40   2:35   0:00 

Players Stats for Predators

Player Name              G  A  P  +/- PIM S  H  SB GA TA FO     MP     PP MP  PK MP  
------------------------------------------------------------------------------------
Adam Burish              0  0  0  -1  0   0  2  0  0  0  0/0    12:59   0:00   2:07 
Alexander Edler          1  0  1   0  2   4  0  2  0  1  0/0    31:05   4:47   3:27 
Alexander Ovechkin       1  0  1   2  2   6  2  1  4  0  0/4    22:49   3:55   0:34 
Alexander Steen          0  0  0  -2  2   1  0  0  0  0  0/1    14:23   2:59   0:00 
Andy Miele               0  0  0   0  0   1  1  0  0  0  0/3    11:34   0:00   1:49 
Barret Jackman           0  0  0   0  0   1  2  1  0  0  0/0     8:12   0:00   0:47 
Brett Clark              0  0  0   0  0   1  0  2  0  0  0/0    11:18   0:00   1:59 
Byron Bitz               0  0  0  -3  0   1  1  2  1  0  0/0    20:49   2:59   4:25 
Chris Lawrence           0  0  0   0  0   1  2  1  1  1  0/0     8:33   0:00   0:00 
Dmitri Kalinin           0  0  0  -1  0   3  1  0  0  0  0/0    22:00   2:07   0:38 
James Van Riemsdyk       0  0  0   0  0   1  3  1  0  0  1/1    10:52   0:00   0:00 
John Moore               0  1  1  -1  0   3  2  0  0  0  0/0    23:15   2:07   1:59 
Justin Abdelkader        0  0  0   0  0   0  2  1  0  0  0/1     9:40   0:00   0:00 
Kris Vernarsky           0  0  0   0  0   0  0  0  0  0  3/5     8:33   0:00   0:00 
Mikael Granlund          0  2  2  -1  0   0  1  0  0  1  10/19  15:28   3:55   0:24 
Niclas Bergfors          1  1  2   2  2   3  3  0  3  0  0/1    22:11   3:55   0:00 
Ryan Kesler              0  2  2   0  0   2  3  0  1  1  20/35  25:14   2:59   4:13 
Ryan Mcdonagh            1  1  2   0  0   2  0  3  0  0  0/0    34:15   4:47   4:42 

3 Stars

1 - Ilya Kovalchuk (Buf)
2 - Vincent Lecavalier (Buf)
3 - Niclas Bergfors (Nas)

Power Play

Sabres - 1 on 4 Attempt(s) - 25.00%
Predators - 2 on 5 Attempt(s) - 40.00%

Penalty Kill

Sabres - 3 on 5 Attempt(s) - 60.00% - Score 1 goal in Penalty Kill
Predators - 3 on 4 Attempt(s) - 75.00% - Score 0 goal in Penalty Kill

Team Stat

Sabres - Hits : 31 - Faceoff Wins : 36 - Blocked Shots : 14 - Penalty Minutes : 10
Predators - Hits : 25 - Faceoff Wins : 34 - Blocked Shots : 14 - Penalty Minutes : 8

Official

Referees : Peel Tim and Auger Stephane
Linesman : Brian Murphy and Lonnie Cameron

Game Notes

17:17 of 1st period - Sabres goal is going for a video replay. After video review, Goal.
5:22 of 2nd period - Predators goal is going for a video replay. After video review, Goal.

Finance

Level 1 -- Attendance: 6000 (100.00%) -- Ticket Income $528,000
Level 2 -- Attendance: 4875 (97.50%) -- Ticket Income $263,250
Level 3 -- Attendance: 2000 (100.00%) -- Ticket Income $68,000
Level 4 -- Attendance: 4000 (100.00%) -- Ticket Income $104,000
Luxury Box -- Attendance: 780 (78.00%) -- Ticket Income $132,600
Game was played at the Wildcat center.
Total Attendance: 17655 (98.08%)
Total Ticket Income: $1,095,850
Other Income: $164,378
Total Income: $1,260,228

Sabres

5 vs 5 Forward 
   Center                   Left Wing                Right Wing               Time % Phy DF OF 
 1 Ryan O'Reilly            Evander Kane             Kyle Okposo              37     0   2  3  
 2 Andrei Loktionov         Ilya Kovalchuk           Zack Kassian             32     0   2  3  
 3 Vincent Lecavalier       Matt Martin              Scottie Upshall          21     2   2  1  
 4 Brandon Sutter           Darcy Hordichuk          Brad Richardson          10     0   3  2  

5 vs 5 Defense 
   Defense                  Defense                                           Time % Phy DF OF 
 1 Zach Bogosian            Rob Scuderi                                       43     0   2  3  
 2 Michael Kostka           Jared Cowen                                       39     1   3  1  
 3 Jakub Kindl              Jordan Leopold                                    18     0   4  1  
 4 Michael Kostka           Jared Cowen                                       0      0   3  2  

PowerPlay Forward 
   Center                   Left Wing                Right Wing               Time % Phy DF OF 
 1 Andrei Loktionov         Ilya Kovalchuk           Kyle Okposo              55     0   0  5  
 2 Vincent Lecavalier       Evander Kane             Zack Kassian             45     0   0  5  

PowerPlay Defense
   Defense                  Defense                                           Time % Phy DF OF 
 1 Zach Bogosian            Rob Scuderi                                       55     1   1  3  
 2 Michael Kostka           Jared Cowen                                       45     1   1  3  

Penalty Kill 4 Players Forward 
   Center                   Wing                     Time % Phy DF OF 
 1 Brandon Sutter           Darcy Hordichuk          60     0   5  0  
 2 Vincent Lecavalier       Ilya Kovalchuk           40     0   4  1  

Penalty Kill 4 Players Defense
   Defense                  Defense                  Time % Phy DF OF 
 1 Michael Kostka           Jared Cowen              60     0   5  0  
 2 Zach Bogosian            Rob Scuderi              40     0   4  1  

Penalty Kill - 3 Players Forward 
   Forward                                           Time % Phy DF OF 
 1 Brandon Sutter                                    60     0   5  0  
 2 Darcy Hordichuk                                   40     0   5  0  

Penalty Kill - 3 Players Defense
   Defense                  Defense                  Time % Phy DF OF 
 1 Michael Kostka           Jared Cowen              60     0   5  0  
 2 Zach Bogosian            Rob Scuderi              40     0   5  0  

4 vs 4 Forward 
   Center                   Wing                     Time % Phy DF OF 
 1 Ryan O'Reilly            Ilya Kovalchuk           60     1   2  2  
 2 Vincent Lecavalier       Zack Kassian             40     1   2  2  

4 vs 4 Defense
   Defense                  Defense                  Time % Phy DF OF 
 1 Zach Bogosian            Rob Scuderi              60     1   2  2  
 2 Michael Kostka           Jared Cowen              40     1   2  2  

Last Minutes Offensive
   Center                   Left Wing                Right Wing               Defense                  Defense                  
   Vincent Lecavalier       Ilya Kovalchuk           Kyle Okposo              Zach Bogosian            Michael Kostka           

Last Minutes Defensive
   Center                   Left Wing                Right Wing               Defense                  Defense                  
   Brandon Sutter           Ilya Kovalchuk           Zack Kassian             Zach Bogosian            Jared Cowen              

Goaltenders
Starting : Robin Lehner             
Backup : Jonas Hiller             

Extra Forwards
Normal : Ilya Kovalchuk, Kyle Okposo, Vincent Lecavalier - PP : Kyle Okposo, Vincent Lecavalier - PK : Matt Martin
Extra Defensemen
Normal : Jakub Kindl, Jordan Leopold, Michael Kostka - PP : Jakub Kindl - PK : Jordan Leopold, Michael Kostka
Penalty Shots
Ilya Kovalchuk, Vincent Lecavalier, Evander Kane, Darcy Hordichuk, Kyle Okposo

Scratches
Michael Haley (Healthy)

Predators

5 vs 5 Forward 
   Center                   Left Wing                Right Wing               Time % Phy DF OF 
 1 Ryan Kesler              Alexander Ovechkin       Niclas Bergfors          40     1   2  2  
 2 Mikael Granlund          Alexander Steen          Byron Bitz               30     1   2  2  
 3 Andy Miele               James Van Riemsdyk       Adam Burish              20     2   1  2  
 4 Kris Vernarsky           Justin Abdelkader        Chris Lawrence           10     1   2  2  

5 vs 5 Defense 
   Defense                  Defense                                           Time % Phy DF OF 
 1 Ryan Mcdonagh            Alexander Edler                                   40     1   2  2  
 2 John Moore               Dmitri Kalinin                                    30     1   2  2  
 3 Ryan Mcdonagh            Brett Clark                                       20     1   2  2  
 4 Barret Jackman           Alexander Edler                                   10     1   2  2  

PowerPlay Forward 
   Center                   Left Wing                Right Wing               Time % Phy DF OF 
 1 Mikael Granlund          Alexander Ovechkin       Niclas Bergfors          60     0   0  5  
 2 Ryan Kesler              Alexander Steen          Byron Bitz               40     0   0  5  

PowerPlay Defense
   Defense                  Defense                                           Time % Phy DF OF 
 1 Ryan Mcdonagh            Alexander Edler                                   60     1   1  3  
 2 John Moore               Dmitri Kalinin                                    40     0   1  3  

Penalty Kill 4 Players Forward 
   Center                   Wing                     Time % Phy DF OF 
 1 Ryan Kesler              Byron Bitz               60     1   2  2  
 2 Andy Miele               Adam Burish              40     1   2  2  

Penalty Kill 4 Players Defense
   Defense                  Defense                  Time % Phy DF OF 
 1 Ryan Mcdonagh            Alexander Edler          60     1   2  2  
 2 John Moore               Brett Clark              40     1   3  1  

Penalty Kill - 3 Players Forward 
   Forward                                           Time % Phy DF OF 
 1 Byron Bitz                                        60     1   2  2  
 2 Adam Burish                                       40     1   2  2  

Penalty Kill - 3 Players Defense
   Defense                  Defense                  Time % Phy DF OF 
 1 Ryan Mcdonagh            Alexander Edler          60     1   3  1  
 2 John Moore               Brett Clark              40     1   3  1  

4 vs 4 Forward 
   Center                   Wing                     Time % Phy DF OF 
 1 Alexander Ovechkin       Niclas Bergfors          60     1   2  2  
 2 Ryan Kesler              Byron Bitz               40     1   2  2  

4 vs 4 Defense
   Defense                  Defense                  Time % Phy DF OF 
 1 Ryan Mcdonagh            Alexander Edler          60     1   2  2  
 2 John Moore               Dmitri Kalinin           40     1   2  2  

Last Minutes Offensive
   Center                   Left Wing                Right Wing               Defense                  Defense                  
   Ryan Kesler              Alexander Ovechkin       Niclas Bergfors          Ryan Mcdonagh            Alexander Edler          

Last Minutes Defensive
   Center                   Left Wing                Right Wing               Defense                  Defense                  
   Ryan Kesler              Adam Burish              Byron Bitz               Ryan Mcdonagh            John Moore               

Goaltenders
Starting : Viktor Fasth             
Backup : Chad Johnson             

Extra Forwards
Normal : James Van Riemsdyk, Justin Abdelkader, Adam Burish - PP : James Van Riemsdyk, Justin Abdelkader - PK : Adam Burish
Extra Defensemen
Normal : Brett Clark, Barret Jackman, Dmitri Kalinin - PP : Brett Clark - PK : Dmitri Kalinin, Ryan Mcdonagh
Penalty Shots
Alexander Ovechkin, Ryan Kesler, Niclas Bergfors, Byron Bitz, Alexander Steen

Scratches
Andrej Meszaros (Healthy), Joe Corvo (Healthy)

% Time on Ice - Sabres

Lines # - Real PCT - Wanted PCT - Time Play
Normal Forward
1 - 35% - 37% - 16:03
2 - 27% - 32% - 12:23
3 - 21% - 21% - 9:22
4 - 17% - 10% - 7:43
Normal Defense
1 - 42% - 43% - 19:10
2 - 37% - 39% - 16:49
3 - 21% - 18% - 9:32
4 - 0% - 0% - 0:00
PP Forward
1 - 62% - 55% - 4:11
2 - 38% - 45% - 2:35
PP Defense
1 - 69% - 55% - 4:42
2 - 31% - 45% - 2:04
PK Forward
1 - 69% - 60% - 4:44
2 - 31% - 40% - 2:10
PK Defense
1 - 60% - 60% - 4:09
2 - 40% - 40% - 2:45
PK3 Forward
1 - 0% - 60%
2 - 0% - 40%
PK3 Defense
1 - 0% - 60%
2 - 0% - 40%
44 Forward
1 - 74% - 60% - 3:43
2 - 26% - 40% - 1:17
44 Defense
1 - 61% - 60% - 3:02
2 - 39% - 40% - 1:58
Last Minute Offensive  - 0:49
Last Minute Defensive  - 0:00
Total
Forward - 65:00
Defense - 65:00

% Time on Ice - Predators

Lines # - Real PCT - Wanted PCT - Time Play
Normal Forward
1 - 35% - 40% - 15:56
2 - 25% - 30% - 11:25
3 - 21% - 20% - 9:38
4 - 19% - 10% - 8:33
Normal Defense
1 - 28% - 40% - 12:54
2 - 37% - 30% - 16:48
3 - 19% - 20% - 8:31
4 - 16% - 10% - 7:19
PP Forward
1 - 57% - 60% - 3:55
2 - 43% - 40% - 2:59
PP Defense
1 - 69% - 60% - 4:47
2 - 31% - 40% - 2:07
PK Forward
1 - 73% - 60% - 4:57
2 - 27% - 40% - 1:49
PK Defense
1 - 71% - 60% - 4:47
2 - 29% - 40% - 1:59
PK3 Forward
1 - 0% - 60%
2 - 0% - 40%
PK3 Defense
1 - 0% - 60%
2 - 0% - 40%
44 Forward
1 - 74% - 60% - 3:41
2 - 26% - 40% - 1:19
44 Defense
1 - 53% - 60% - 2:39
2 - 47% - 40% - 2:21
Last Minute Offensive  - 0:00
Last Minute Defensive  - 0:48
Total
Forward - 65:00
Defense - 65:00

Play by Play

1st period


0:01 of 1st period - Ryan Kesler wins face-off versus Evander Kane in neutral zone.
0:26 of 1st period - Backhand shot by Adam Burish.
0:26 of 1st period - Shot Blocked by Zach Bogosian.
0:28 of 1st period - Slapshot by Dmitri Kalinin.
0:28 of 1st period - Stopped by Robin Lehner with a rebound.
0:30 of 1st period - Snap shot by Dmitri Kalinin.
0:30 of 1st period - Stopped by Robin Lehner without a rebound.
0:31 of 1st period - Andrei Loktionov wins face-off versus Andy Miele in Sabres zone.
0:38 of 1st period - Snap shot by Ilya Kovalchuk.
0:38 of 1st period - Shot Misses the Net.
1:24 of 1st period - Snap shot by Niclas Bergfors.
1:24 of 1st period - Stopped by Robin Lehner with a rebound.
1:43 of 1st period - Icing by Dmitri Kalinin.
1:44 of 1st period - Andrei Loktionov wins face-off versus Kris Vernarsky in Predators zone.
2:16 of 1st period - Snap shot by Kyle Okposo.
2:16 of 1st period - Stopped by Viktor Fasth without a rebound.
2:17 of 1st period - Vincent Lecavalier wins face-off versus Ryan Kesler in Predators zone.
2:23 of 1st period - Minor Penalty to Alexander Edler for Roughing.
2:24 of 1st period - Andrei Loktionov wins face-off versus Ryan Kesler in Predators zone.
2:28 of 1st period - Backhand shot by Zach Bogosian.
2:28 of 1st period - Shot Blocked by Ryan Mcdonagh.
2:30 of 1st period - Slapshot by Rob Scuderi.
2:30 of 1st period - Stopped by Viktor Fasth with a rebound.
2:32 of 1st period - Wrist shot by Andrei Loktionov.
2:32 of 1st period - Deflect By Ilya Kovalchuk.
2:32 of 1st period - Stopped by Viktor Fasth with a rebound.
2:34 of 1st period - Slapshot by Ilya Kovalchuk.
2:34 of 1st period - Stopped by Viktor Fasth without a rebound.
2:35 of 1st period - Kyle Okposo wins face-off versus Ryan Kesler in Predators zone.
2:48 of 1st period - Wrist shot by Andrei Loktionov.
2:48 of 1st period - Shot Misses the Net.
4:23 of 1st period - Penalty to Alexander Edler is over, Alexander Edler is back on ice.
4:32 of 1st period - Zach Bogosian is hit by Justin Abdelkader.
4:38 of 1st period - Slapshot by Darcy Hordichuk.
4:38 of 1st period - Deflect By Brad Richardson.
4:38 of 1st period - Stopped by Viktor Fasth without a rebound.
4:39 of 1st period - Kris Vernarsky wins face-off versus Brandon Sutter in Predators zone.
4:46 of 1st period - Wrist shot by Brad Richardson.
4:46 of 1st period - Shot Blocked by Ryan Mcdonagh.
4:48 of 1st period - Wrist shot by Darcy Hordichuk.
4:48 of 1st period - Deflect By Brandon Sutter.
4:48 of 1st period - Shot Misses the Net.
4:48 of 1st period - Puck is out of play.
4:49 of 1st period - Ryan Kesler wins face-off versus Brandon Sutter in Predators zone.
5:16 of 1st period - Alexander Edler is hit by Kyle Okposo.
5:24 of 1st period - Snap shot by Evander Kane.
5:24 of 1st period - Stopped by Viktor Fasth with a rebound.
5:38 of 1st period - Snap shot by Ryan Mcdonagh.
5:38 of 1st period - Shot Blocked by Rob Scuderi.
6:23 of 1st period - Ryan Mcdonagh is hit by Ilya Kovalchuk and loses puck.
6:32 of 1st period - Slapshot by Ilya Kovalchuk.
6:32 of 1st period - Shot Blocked by Brett Clark.
6:34 of 1st period - Wrist shot by Zack Kassian.
6:34 of 1st period - Shot Blocked by Brett Clark.
6:36 of 1st period - Snap shot by Ilya Kovalchuk.
6:36 of 1st period - Shot Misses the Net.
6:40 of 1st period - Snap shot by Ilya Kovalchuk.
6:40 of 1st period - Stopped by Viktor Fasth with a rebound.
6:42 of 1st period - Snap shot by Zack Kassian.
6:42 of 1st period - Stopped by Viktor Fasth without a rebound.
6:43 of 1st period - Ryan Kesler wins face-off versus Ryan O'Reilly in Predators zone.
6:52 of 1st period - Slapshot by Ryan Kesler.
6:52 of 1st period - Stopped by Robin Lehner with a rebound.
6:58 of 1st period - Snap shot by Alexander Ovechkin.
6:58 of 1st period - Stopped by Robin Lehner without a rebound.
6:59 of 1st period - Vincent Lecavalier wins face-off versus Mikael Granlund in Sabres zone.
7:10 of 1st period - Slapshot by Michael Kostka.
7:10 of 1st period - Shot Blocked by Alexander Edler.
7:35 of 1st period - Slapshot by Ryan Kesler.
7:35 of 1st period - Shot Misses the Net.
7:37 of 1st period - Minor Penalty to Evander Kane for Hooking.
7:38 of 1st period - Brandon Sutter wins face-off versus Mikael Granlund in Sabres zone.
8:12 of 1st period - Icing by Alexander Edler.
8:13 of 1st period - Ryan Kesler wins face-off versus Vincent Lecavalier in Predators zone.
9:37 of 1st period - Penalty to Evander Kane is over, Evander Kane is back on ice.
10:41 of 1st period - Snap shot by Vincent Lecavalier.
10:41 of 1st period - Shot Blocked by James Van Riemsdyk.
11:01 of 1st period - James Van Riemsdyk is hit by Zack Kassian and loses puck.
11:15 of 1st period - Icing by Rob Scuderi.
11:16 of 1st period - Brandon Sutter wins face-off versus Ryan Kesler in Sabres zone.
11:27 of 1st period - Alexander Edler is hit by Brandon Sutter and loses puck.
11:37 of 1st period - Off-side.
11:38 of 1st period - Ryan O'Reilly wins face-off versus Mikael Granlund in neutral zone.
11:47 of 1st period - Wrist shot by Ryan O'Reilly.
11:47 of 1st period - Shot Misses the Net.
12:19 of 1st period - Minor Penalty to Evander Kane for Roughing.
12:20 of 1st period - Brandon Sutter wins face-off versus Mikael Granlund in Sabres zone.
13:17 of 1st period - Icing by Ryan Kesler.
13:18 of 1st period - Vincent Lecavalier wins face-off versus Ryan Kesler in Predators zone.
13:21 of 1st period - Wrist shot by Ilya Kovalchuk.
13:21 of 1st period - Shot Misses the Net.
13:40 of 1st period - Off-side.
13:41 of 1st period - Mikael Granlund wins face-off versus Brandon Sutter in neutral zone.
13:44 of 1st period - Jared Cowen is hit by Alexander Ovechkin and loses puck.
14:19 of 1st period - Penalty to Evander Kane is over, Evander Kane is back on ice.
14:58 of 1st period - Zach Bogosian is hit by Dmitri Kalinin and loses puck.
15:48 of 1st period - Jakub Kindl is hit by James Van Riemsdyk and loses puck.
16:01 of 1st period - Jordan Leopold is hit by Andy Miele and loses puck.
16:14 of 1st period - Zach Bogosian is hit by Chris Lawrence and loses puck.
16:26 of 1st period - Icing by Kris Vernarsky.
16:27 of 1st period - Andrei Loktionov wins face-off versus Kris Vernarsky in Predators zone.
16:28 of 1st period - Snap shot by Ilya Kovalchuk.
16:28 of 1st period - Stopped by Viktor Fasth with a rebound.
16:30 of 1st period - Snap shot by Zach Bogosian.
16:30 of 1st period - Shot Misses the Net.
16:32 of 1st period - Slapshot by Rob Scuderi.
16:32 of 1st period - Shot Blocked by Chris Lawrence.
16:34 of 1st period - Slapshot by Ilya Kovalchuk.
16:34 of 1st period - Shot Misses the Net.
16:55 of 1st period - Wrist shot by Alexander Edler.
16:55 of 1st period - Stopped by Robin Lehner with a rebound.
17:15 of 1st period - Slapshot by Zach Bogosian.
17:15 of 1st period - Shot Blocked by Byron Bitz.
17:17 of 1st period - Snap shot by Evander Kane.
17:17 of 1st period - Sabres goal is going for a video replay.
17:17 of 1st period - The goal is good.
17:17 of 1st period - Goal by Evander Kane - Sabres : 1 - Predators : 0.
17:18 of 1st period - Ryan Kesler wins face-off versus Evander Kane in neutral zone.
17:23 of 1st period - Slapshot by Niclas Bergfors.
17:23 of 1st period - Shot Misses the Net.
17:25 of 1st period - Snap shot by Ryan Mcdonagh.
17:25 of 1st period - Stopped by Robin Lehner without a rebound.
17:26 of 1st period - Ryan O'Reilly wins face-off versus Ryan Kesler in Sabres zone.
17:33 of 1st period - Snap shot by Ryan O'Reilly.
17:33 of 1st period - Stopped by Viktor Fasth with a rebound.
17:41 of 1st period - Backhand shot by Alexander Ovechkin.
17:41 of 1st period - Stopped by Robin Lehner without a rebound.
17:42 of 1st period - Andrei Loktionov wins face-off versus Alexander Steen in Sabres zone.
18:16 of 1st period - Slapshot by Alexander Ovechkin.
18:16 of 1st period - Stopped by Robin Lehner without a rebound.
18:17 of 1st period - Mikael Granlund wins face-off versus Kyle Okposo in Sabres zone.
18:25 of 1st period - Wrist shot by Kyle Okposo.
18:25 of 1st period - Stopped by Viktor Fasth without a rebound.
18:26 of 1st period - Ryan O'Reilly wins face-off versus Mikael Granlund in Predators zone.
18:36 of 1st period - Minor Penalty to Alexander Steen for Elbowing.
18:37 of 1st period - Ryan Kesler wins face-off versus Andrei Loktionov in Predators zone.
19:03 of 1st period - Snap shot by Vincent Lecavalier.
19:03 of 1st period - Deflect By Evander Kane.
19:03 of 1st period - Shot Misses the Net.
19:03 of 1st period - Puck is out of play.
19:04 of 1st period - Vincent Lecavalier wins face-off versus Ryan Kesler in Predators zone.
Goals for this period are 1 for Sabres vs 0 for Predators.
Shots for this period are 12 for Sabres vs 9 for Predators.

2nd period


0:01 of 2nd period - Ryan Kesler wins face-off versus Andrei Loktionov in neutral zone.
0:36 of 2nd period - Penalty to Alexander Steen is over, Alexander Steen is back on ice.
1:08 of 2nd period - Off-side.
1:09 of 2nd period - Ryan Kesler wins face-off versus Vincent Lecavalier in neutral zone.
1:12 of 2nd period - Wrist shot by Ryan Kesler.
1:12 of 2nd period - Shot Blocked by Jordan Leopold.
1:43 of 2nd period - Zack Kassian is hit by Niclas Bergfors.
1:57 of 2nd period - Evander Kane is hit by Mikael Granlund and loses puck.
2:18 of 2nd period - Michael Kostka is hit by Adam Burish.
2:22 of 2nd period - Wrist shot by Andy Miele.
2:22 of 2nd period - Stopped by Robin Lehner without a rebound.
2:23 of 2nd period - James Van Riemsdyk wins face-off versus Brandon Sutter in Sabres zone.
2:32 of 2nd period - Wrist shot by Darcy Hordichuk.
2:32 of 2nd period - Stopped by Viktor Fasth with a rebound.
2:34 of 2nd period - Wrist shot by Brad Richardson.
2:34 of 2nd period - Stopped by Viktor Fasth with a rebound.
2:44 of 2nd period - Snap shot by Brandon Sutter.
2:44 of 2nd period - Deflect By Darcy Hordichuk.
2:44 of 2nd period - Shot Misses the Net.
2:44 of 2nd period - Puck is out of play.
2:45 of 2nd period - Evander Kane wins face-off versus Ryan Kesler in Predators zone.
2:52 of 2nd period - Slapshot by Evander Kane.
2:52 of 2nd period - Shot Misses the Net.
3:09 of 2nd period - Icing by Alexander Ovechkin.
3:10 of 2nd period - Andrei Loktionov wins face-off versus Mikael Granlund in Predators zone.
3:13 of 2nd period - Snap shot by Zack Kassian.
3:13 of 2nd period - Stopped by Viktor Fasth with a rebound.
3:19 of 2nd period - Snap shot by Zack Kassian.
3:19 of 2nd period - Deflect By Alexander Steen.
3:19 of 2nd period - Shot Misses the Net.
3:19 of 2nd period - Puck is out of play.
3:20 of 2nd period - Ryan O'Reilly wins face-off versus Niclas Bergfors in Predators zone.
3:35 of 2nd period - Snap shot by Alexander Ovechkin.
3:35 of 2nd period - Stopped by Robin Lehner without a rebound.
3:36 of 2nd period - Mikael Granlund wins face-off versus Ilya Kovalchuk in Sabres zone.
3:39 of 2nd period - Snap shot by Byron Bitz.
3:39 of 2nd period - Stopped by Robin Lehner with a rebound.
3:41 of 2nd period - Wrist shot by Alexander Edler.
3:41 of 2nd period - Shot Misses the Net.
3:43 of 2nd period - Slapshot by Alexander Edler.
3:43 of 2nd period - Shot Blocked by Ilya Kovalchuk.
3:45 of 2nd period - Wrist shot by Byron Bitz.
3:45 of 2nd period - Deflect By Alexander Steen.
3:45 of 2nd period - Stopped by Robin Lehner without a rebound.
3:46 of 2nd period - Andrei Loktionov wins face-off versus Mikael Granlund in Sabres zone.
4:01 of 2nd period - Snap shot by Alexander Steen.
4:01 of 2nd period - Shot Blocked by Rob Scuderi.
4:03 of 2nd period - Slapshot by Alexander Edler.
4:03 of 2nd period - Stopped by Robin Lehner without a rebound.
4:04 of 2nd period - Ryan O'Reilly wins face-off versus Ryan Kesler in Sabres zone.
4:31 of 2nd period - Vincent Lecavalier is hit by James Van Riemsdyk.
4:42 of 2nd period - Slapshot by Andy Miele.
4:42 of 2nd period - Shot Blocked by Zach Bogosian.
4:44 of 2nd period - Backhand shot by Alexander Edler.
4:44 of 2nd period - Stopped by Robin Lehner with a rebound.
5:15 of 2nd period - Darcy Hordichuk is hit by Ryan Kesler and loses puck.
5:20 of 2nd period - Wrist shot by Ryan Kesler.
5:20 of 2nd period - Shot Misses the Net.
5:22 of 2nd period - Slapshot by Ryan Mcdonagh.
5:22 of 2nd period - Predators goal is going for a video replay.
5:22 of 2nd period - The goal is good.
5:22 of 2nd period - Goal by Ryan Mcdonagh - Sabres : 1 - Predators : 1.
5:23 of 2nd period - Ryan Kesler wins face-off versus Ryan O'Reilly in neutral zone.
5:34 of 2nd period - Slapshot by Alexander Ovechkin.
5:34 of 2nd period - Shot Hit the Post.
5:36 of 2nd period - Slapshot by Ryan Kesler.
5:36 of 2nd period - Shot Misses the Net.
5:38 of 2nd period - Wrist shot by Alexander Ovechkin.
5:38 of 2nd period - Goal by Alexander Ovechkin - Sabres : 1 - Predators : 2.
5:39 of 2nd period - Ryan O'Reilly wins face-off versus Ryan Kesler in neutral zone.
5:54 of 2nd period - Minor Penalty to Niclas Bergfors for High sticking.
5:55 of 2nd period - Ryan Kesler wins face-off versus Andrei Loktionov in Predators zone.
6:00 of 2nd period - Snap shot by Ryan Kesler.
6:00 of 2nd period - Shot Misses the Net.
6:26 of 2nd period - Wrist shot by Vincent Lecavalier.
6:26 of 2nd period - Shot Misses the Net.
7:54 of 2nd period - Penalty to Niclas Bergfors is over, Niclas Bergfors is back on ice.
7:59 of 2nd period - Wrist shot by Brandon Sutter.
7:59 of 2nd period - Stopped by Viktor Fasth without a rebound.
8:00 of 2nd period - Kris Vernarsky wins face-off versus Brandon Sutter in Predators zone.
8:00 of 2nd period - Kris Vernarsky is hit by Darcy Hordichuk.
8:26 of 2nd period - Vincent Lecavalier is hit by Adam Burish and loses puck.
8:45 of 2nd period - Ryan Mcdonagh is hit by Kyle Okposo and loses puck.
9:23 of 2nd period - Snap shot by Zack Kassian.
9:23 of 2nd period - Stopped by Viktor Fasth without a rebound.
9:24 of 2nd period - Kris Vernarsky wins face-off versus Brandon Sutter in Predators zone.
9:29 of 2nd period - Snap shot by Chris Lawrence.
9:29 of 2nd period - Stopped by Robin Lehner without a rebound.
9:30 of 2nd period - Ryan Kesler wins face-off versus Brandon Sutter in Sabres zone.
9:40 of 2nd period - Off-side.
9:41 of 2nd period - Ryan O'Reilly wins face-off versus Ryan Kesler in neutral zone.
10:00 of 2nd period - Ryan O'Reilly is hit by Niclas Bergfors and loses puck.
10:47 of 2nd period - Minor Penalty to Zach Bogosian for Boarding.
10:48 of 2nd period - Mikael Granlund wins face-off versus Brandon Sutter in Sabres zone.
11:05 of 2nd period - Michael Kostka is hit by Niclas Bergfors and loses puck.
12:10 of 2nd period - Slapshot by Evander Kane.
12:10 of 2nd period - Deflect By Matt Martin.
12:10 of 2nd period - Shot Misses the Net.
12:10 of 2nd period - Puck is out of play.
12:11 of 2nd period - Matt Martin wins face-off versus Ryan Kesler in Predators zone.
12:20 of 2nd period - Wrist shot by Matt Martin.
12:20 of 2nd period - Stopped by Viktor Fasth without a rebound.
12:21 of 2nd period - Ryan Kesler wins face-off versus Brandon Sutter in Predators zone.
12:32 of 2nd period - Snap shot by Byron Bitz.
12:32 of 2nd period - Shot Misses the Net.
12:34 of 2nd period - Slapshot by Dmitri Kalinin.
12:34 of 2nd period - Shot Misses the Net.
12:36 of 2nd period - Slapshot by Dmitri Kalinin.
12:36 of 2nd period - Stopped by Robin Lehner without a rebound.
12:37 of 2nd period - Mikael Granlund wins face-off versus Brandon Sutter in Sabres zone.
12:47 of 2nd period - Penalty to Zach Bogosian is over, Zach Bogosian is back on ice.
12:56 of 2nd period - Off-side.
12:57 of 2nd period - Kyle Okposo wins face-off versus Andy Miele in neutral zone.
14:00 of 2nd period - Snap shot by Byron Bitz.
14:00 of 2nd period - Shot Blocked by Jordan Leopold.
14:38 of 2nd period - Slapshot by Justin Abdelkader.
14:38 of 2nd period - Shot Blocked by Michael Kostka.
15:29 of 2nd period - Dmitri Kalinin is hit by Evander Kane and loses puck.
15:36 of 2nd period - Snap shot by Evander Kane.
15:36 of 2nd period - Stopped by Viktor Fasth with a rebound.
15:48 of 2nd period - Justin Abdelkader is hit by Andrei Loktionov and loses puck.
16:08 of 2nd period - Brandon Sutter is hit by Ryan Kesler and loses puck.
16:17 of 2nd period - Alexander Ovechkin is hit by Brandon Sutter.
16:18 of 2nd period - Icing by Alexander Ovechkin.
16:19 of 2nd period - Ryan Kesler wins face-off versus Ryan O'Reilly in Predators zone.
16:31 of 2nd period - Kyle Okposo is hit by Barret Jackman and loses puck.
17:08 of 2nd period - Andy Miele is hit by Matt Martin.
17:14 of 2nd period - Ryan Mcdonagh is hit by Zach Bogosian and loses puck.
17:54 of 2nd period - John Moore is hit by Kyle Okposo and loses puck.
18:07 of 2nd period - Michael Kostka is hit by John Moore and loses puck.
18:14 of 2nd period - Alexander Steen is hit by Andrei Loktionov and loses puck.
18:39 of 2nd period - Wrist shot by John Moore.
18:39 of 2nd period - Shot Blocked by Jakub Kindl.
19:00 of 2nd period - Alexander Ovechkin is hit by Jakub Kindl and loses puck.
19:17 of 2nd period - Snap shot by Ryan O'Reilly.
19:17 of 2nd period - Shot Blocked by Barret Jackman.
19:19 of 2nd period - Wrist shot by Kyle Okposo.
19:19 of 2nd period - Stopped by Viktor Fasth with a rebound.
19:21 of 2nd period - Slapshot by Evander Kane.
19:21 of 2nd period - Stopped by Viktor Fasth without a rebound.
19:22 of 2nd period - Ryan Kesler wins face-off versus Andrei Loktionov in Predators zone.
Goals for this period are 0 for Sabres vs 2 for Predators.
Shots for this period are 9 for Sabres vs 10 for Predators.

3rd period


0:01 of 3rd period - Ryan Kesler wins face-off versus Ryan O'Reilly in neutral zone.
0:14 of 3rd period - Wrist shot by Ryan Kesler.
0:14 of 3rd period - Shot Misses the Net.
0:16 of 3rd period - Wrist shot by Niclas Bergfors.
0:16 of 3rd period - Shot Misses the Net.
0:31 of 3rd period - Zack Kassian is hit by Byron Bitz and loses puck.
1:14 of 3rd period - Slapshot by Rob Scuderi.
1:14 of 3rd period - Shot Misses the Net.
1:35 of 3rd period - Minor Penalty to Rob Scuderi for Tripping.
1:36 of 3rd period - Mikael Granlund wins face-off versus Brandon Sutter in Sabres zone.
1:50 of 3rd period - Wrist shot by Alexander Ovechkin.
1:50 of 3rd period - Shot Blocked by Jordan Leopold.
2:02 of 3rd period - Alexander Edler is hit by Jordan Leopold and loses puck.
2:09 of 3rd period - Snap shot by Ilya Kovalchuk.
2:09 of 3rd period - Stopped by Viktor Fasth with a rebound.
2:11 of 3rd period - Slapshot by Jared Cowen.
2:11 of 3rd period - Shot Misses the Net.
2:13 of 3rd period - Wrist shot by Ilya Kovalchuk.
2:13 of 3rd period - Goal by Ilya Kovalchuk - Sabres : 2 - Predators : 2.
2:14 of 3rd period - Brandon Sutter wins face-off versus Mikael Granlund in neutral zone.
2:17 of 3rd period - Slapshot by Jared Cowen.
2:17 of 3rd period - Shot Misses the Net.
2:23 of 3rd period - Slapshot by Niclas Bergfors.
2:23 of 3rd period - Shot Hit the Post.
2:25 of 3rd period - Slapshot by Alexander Edler.
2:25 of 3rd period - Goal by Alexander Edler - Sabres : 2 - Predators : 3.
2:26 of 3rd period - Ryan O'Reilly wins face-off versus Ryan Kesler in neutral zone.
3:39 of 3rd period - Adam Burish is hit by Rob Scuderi and loses puck.
4:10 of 3rd period - Ryan Kesler is hit by Vincent Lecavalier and loses puck.
4:48 of 3rd period - Wrist shot by Vincent Lecavalier.
4:48 of 3rd period - Shot Misses the Net.
4:50 of 3rd period - Snap shot by Jordan Leopold.
4:50 of 3rd period - Stopped by Viktor Fasth with a rebound.
4:52 of 3rd period - Snap shot by Matt Martin.
4:52 of 3rd period - Deflect By Alexander Ovechkin.
4:52 of 3rd period - Stopped by Viktor Fasth without a rebound.
4:53 of 3rd period - Ryan O'Reilly wins face-off versus Mikael Granlund in Predators zone.
4:54 of 3rd period - Wrist shot by Evander Kane.
4:54 of 3rd period - Stopped by Viktor Fasth without a rebound.
4:55 of 3rd period - Mikael Granlund wins face-off versus Kyle Okposo in Predators zone.
5:20 of 3rd period - Andy Miele is hit by Ilya Kovalchuk and loses puck.
5:29 of 3rd period - Andrei Loktionov is hit by James Van Riemsdyk and loses puck.
6:08 of 3rd period - Snap shot by Zach Bogosian.
6:08 of 3rd period - Shot Misses the Net.
6:10 of 3rd period - Backhand shot by Vincent Lecavalier.
6:10 of 3rd period - Stopped by Viktor Fasth with a rebound.
6:29 of 3rd period - Snap shot by Evander Kane.
6:29 of 3rd period - Shot Blocked by Justin Abdelkader.
7:14 of 3rd period - Alexander Edler is hit by Ryan O'Reilly and loses puck.
7:21 of 3rd period - Slapshot by Evander Kane.
7:21 of 3rd period - Shot Misses the Net.
7:23 of 3rd period - Slapshot by Jared Cowen.
7:23 of 3rd period - Stopped by Viktor Fasth without a rebound.
7:24 of 3rd period - Ryan Kesler wins face-off versus Andrei Loktionov in Predators zone.
7:34 of 3rd period - Minor Penalty to Ilya Kovalchuk for High sticking.
7:35 of 3rd period - Mikael Granlund wins face-off versus Brandon Sutter in Sabres zone.
7:37 of 3rd period - Wrist shot by Niclas Bergfors.
7:37 of 3rd period - Shot Misses the Net.
7:41 of 3rd period - Snap shot by Niclas Bergfors.
7:41 of 3rd period - Goal by Niclas Bergfors - Sabres : 2 - Predators : 4.
7:42 of 3rd period - Ryan Kesler wins face-off versus Andrei Loktionov in neutral zone.
7:42 of 3rd period - Minor Penalty to Alexander Ovechkin for Holding.
7:43 of 3rd period - Andrei Loktionov wins face-off versus Ryan Kesler in Predators zone.
7:46 of 3rd period - Wrist shot by Andrei Loktionov.
7:46 of 3rd period - Shot Misses the Net.
7:48 of 3rd period - Wrist shot by Andrei Loktionov.
7:48 of 3rd period - Shot Blocked by Byron Bitz.
8:01 of 3rd period - Icing by Ilya Kovalchuk.
8:02 of 3rd period - Ryan Kesler wins face-off versus Andrei Loktionov in Sabres zone.
8:31 of 3rd period - Wrist shot by Ilya Kovalchuk.
8:31 of 3rd period - Goal by Ilya Kovalchuk - Sabres : 3 - Predators : 4.
8:32 of 3rd period - Vincent Lecavalier wins face-off versus Ryan Kesler in neutral zone.
8:37 of 3rd period - Snap shot by Vincent Lecavalier.
8:37 of 3rd period - Shot Blocked by Alexander Edler.
9:24 of 3rd period - Jared Cowen is hit by John Moore and loses puck.
9:35 of 3rd period - Snap shot by Alexander Steen.
9:35 of 3rd period - Shot Blocked by Brandon Sutter.
9:59 of 3rd period - Slapshot by Alexander Ovechkin.
9:59 of 3rd period - Stopped by Robin Lehner with a rebound.
10:31 of 3rd period - Vincent Lecavalier is hit by Barret Jackman and loses puck.
10:52 of 3rd period - Alexander Ovechkin is hit by Jordan Leopold and loses puck.
10:57 of 3rd period - Slapshot by Zach Bogosian.
10:57 of 3rd period - Deflect By Brandon Sutter.
10:57 of 3rd period - Stopped by Viktor Fasth with a rebound.
10:59 of 3rd period - Slapshot by Rob Scuderi.
10:59 of 3rd period - Shot Blocked by Ryan Mcdonagh.
11:17 of 3rd period - Slapshot by Zach Bogosian.
11:17 of 3rd period - Shot Misses the Net.
11:48 of 3rd period - Dmitri Kalinin is hit by Scottie Upshall and loses puck.
12:03 of 3rd period - Slapshot by John Moore.
12:03 of 3rd period - Stopped by Robin Lehner without a rebound.
12:04 of 3rd period - Andrei Loktionov wins face-off versus Alexander Ovechkin in Sabres zone.
12:11 of 3rd period - Alexander Edler is hit by Ilya Kovalchuk and loses puck.
12:50 of 3rd period - Icing by Ryan O'Reilly.
12:51 of 3rd period - Mikael Granlund wins face-off versus Vincent Lecavalier in Sabres zone.
13:18 of 3rd period - Slapshot by John Moore.
13:18 of 3rd period - Stopped by Robin Lehner with a rebound.
13:36 of 3rd period - James Van Riemsdyk is hit by Rob Scuderi and loses puck.
14:05 of 3rd period - Justin Abdelkader is hit by Kyle Okposo and loses puck.
14:16 of 3rd period - Jordan Leopold is hit by Chris Lawrence and loses puck.
14:39 of 3rd period - Snap shot by Zack Kassian.
14:39 of 3rd period - Shot Misses the Net.
15:24 of 3rd period - Slapshot by Brandon Sutter.
15:24 of 3rd period - Stopped by Viktor Fasth with a rebound.
16:05 of 3rd period - Off-side.
16:06 of 3rd period - Mikael Granlund wins face-off versus Andrei Loktionov in neutral zone.
16:33 of 3rd period - Andy Miele is hit by Jakub Kindl and loses puck.
16:52 of 3rd period - Wrist shot by Niclas Bergfors.
16:52 of 3rd period - Stopped by Robin Lehner with a rebound.
16:54 of 3rd period - Slapshot by Barret Jackman.
16:54 of 3rd period - Stopped by Robin Lehner without a rebound.
16:55 of 3rd period - Ryan Kesler wins face-off versus Ryan O'Reilly in Sabres zone.
17:02 of 3rd period - Wrist shot by Niclas Bergfors.
17:02 of 3rd period - Shot Blocked by Michael Kostka.
17:04 of 3rd period - Slapshot by Dmitri Kalinin.
17:04 of 3rd period - Shot Misses the Net.
17:06 of 3rd period - Slapshot by John Moore.
17:06 of 3rd period - Shot Blocked by Kyle Okposo.
17:08 of 3rd period - Slapshot by John Moore.
17:08 of 3rd period - Stopped by Robin Lehner without a rebound.
17:09 of 3rd period - Vincent Lecavalier wins face-off versus Andy Miele in Sabres zone.
17:23 of 3rd period - Snap shot by James Van Riemsdyk.
17:23 of 3rd period - Shot Misses the Net.
17:25 of 3rd period - Wrist shot by James Van Riemsdyk.
17:25 of 3rd period - Stopped by Robin Lehner with a rebound.
17:35 of 3rd period - Ryan Mcdonagh is hit by Evander Kane.
17:41 of 3rd period - Rob Scuderi is hit by Alexander Ovechkin and loses puck.
18:36 of 3rd period - Snap shot by Adam Burish.
18:36 of 3rd period - Shot Misses the Net.
18:40 of 3rd period - Wrist shot by Adam Burish.
18:40 of 3rd period - Shot Misses the Net.
19:20 of 3rd period - Snap shot by Ryan Kesler.
19:20 of 3rd period - Stopped by Robin Lehner with a rebound.
19:22 of 3rd period - Backhand shot by Ryan Kesler.
19:22 of 3rd period - Shot Blocked by Jordan Leopold.
19:24 of 3rd period - Snap shot by Byron Bitz.
19:24 of 3rd period - Shot Misses the Net.
19:26 of 3rd period - Snap shot by Brett Clark.
19:26 of 3rd period - Stopped by Robin Lehner with a rebound.
19:36 of 3rd period - Sabres, Robin Lehner is pulled from the net.
19:38 of 3rd period - Snap shot by Vincent Lecavalier.
19:38 of 3rd period - Goal by Vincent Lecavalier - Sabres : 4 - Predators : 4.
19:38 of 3rd period - Robin Lehner from Sabres was sent back in the game.
19:39 of 3rd period - Ryan Kesler wins face-off versus Ryan O'Reilly in neutral zone.
Goals for this period are 3 for Sabres vs 2 for Predators.
Shots for this period are 11 for Sabres vs 11 for Predators.

Overtime #1


0:01 of 1st overtime period - Ryan O'Reilly wins face-off versus Alexander Ovechkin in neutral zone.
0:06 of 1st overtime period - Wrist shot by Ilya Kovalchuk.
0:06 of 1st overtime period - Shot Misses the Net.
0:08 of 1st overtime period - Slapshot by Rob Scuderi.
0:08 of 1st overtime period - Stopped by Viktor Fasth with a rebound.
0:28 of 1st overtime period - Icing by Niclas Bergfors.
0:29 of 1st overtime period - Ryan O'Reilly wins face-off versus Alexander Ovechkin in Predators zone.
0:30 of 1st overtime period - Slapshot by Ilya Kovalchuk.
0:30 of 1st overtime period - Shot Blocked by Alexander Ovechkin.
1:03 of 1st overtime period - John Moore is hit by Jared Cowen.
1:07 of 1st overtime period - Jared Cowen is hit by Justin Abdelkader and loses puck.
1:34 of 1st overtime period - Snap shot by Evander Kane.
1:34 of 1st overtime period - Shot Misses the Net.
1:36 of 1st overtime period - Backhand shot by Kyle Okposo.
1:36 of 1st overtime period - Shot Misses the Net.
1:38 of 1st overtime period - Slapshot by Michael Kostka.
1:38 of 1st overtime period - Deflect By Alexander Edler.
1:38 of 1st overtime period - Stopped by Viktor Fasth without a rebound.
1:39 of 1st overtime period - Ryan O'Reilly wins face-off versus Alexander Ovechkin in Predators zone.
1:54 of 1st overtime period - John Moore is hit by Ilya Kovalchuk and loses puck.
3:01 of 1st overtime period - Alexander Ovechkin is hit by Vincent Lecavalier.
3:11 of 1st overtime period - John Moore is hit by Evander Kane and loses puck.
3:30 of 1st overtime period - Ilya Kovalchuk is hit by Ryan Kesler and loses puck.
3:43 of 1st overtime period - John Moore is hit by Vincent Lecavalier and loses puck.
4:06 of 1st overtime period - Icing by Zach Bogosian.
4:07 of 1st overtime period - Kyle Okposo wins face-off versus Justin Abdelkader in Sabres zone.
4:58 of 1st overtime period - Wrist shot by Vincent Lecavalier.
4:58 of 1st overtime period - Stopped by Viktor Fasth with a rebound.
Goals for this period are 0 for Sabres vs 0 for Predators.
Shots for this period are 3 for Sabres vs 0 for Predators.

ShootOut


5:00 of 1st overtime period - Penalty Shot by Ilya Kovalchuk for Sabres.
5:00 of 1st overtime period - Wrist shot by Ilya Kovalchuk.
5:00 of 1st overtime period - Goal by Ilya Kovalchuk.
5:00 of 1st overtime period - Penalty Shot by Alexander Ovechkin for Predators.
5:00 of 1st overtime period - Backhand shot by Alexander Ovechkin.
5:00 of 1st overtime period - Stopped by Robin Lehner.
5:00 of 1st overtime period - Penalty Shot by Vincent Lecavalier for Sabres.
5:00 of 1st overtime period - Wrist shot by Vincent Lecavalier.
5:00 of 1st overtime period - Stopped by Viktor Fasth.
5:00 of 1st overtime period - Penalty Shot by Ryan Kesler for Predators.
5:00 of 1st overtime period - Wrist shot by Ryan Kesler.
5:00 of 1st overtime period - Goal by Ryan Kesler.
5:00 of 1st overtime period - Penalty Shot by Evander Kane for Sabres.
5:00 of 1st overtime period - Deke by Evander Kane.
5:00 of 1st overtime period - Goal by Evander Kane.
5:00 of 1st overtime period - Penalty Shot by Niclas Bergfors for Predators.
5:00 of 1st overtime period - Snap shot by Niclas Bergfors.
5:00 of 1st overtime period - Goal by Niclas Bergfors.
5:00 of 1st overtime period - Penalty Shot by Darcy Hordichuk for Sabres.
5:00 of 1st overtime period - Backhand shot by Darcy Hordichuk.
5:00 of 1st overtime period - Goal by Darcy Hordichuk.
5:00 of 1st overtime period - Penalty Shot by Byron Bitz for Predators.
5:00 of 1st overtime period - Backhand shot by Byron Bitz.
5:00 of 1st overtime period - Stopped by Robin Lehner.